 Dungeon Crawl Stone Soup version 0.29.1-13-g9f3cf754e1 (webtiles) character file.

Game seed: 12601679255682526708

16 bjubeck the Chopper (level 2, -1/27 HPs)
             Began as a Hill Orc Berserker on Jan 27, 2023.
             Was a Follower of Trog.
             Slain by a quokka (4 damage)
             ... on level 1 of the Dungeon.
             The game lasted 00:02:43 (315 turns).

bjubeck the Chopper (Hill Orc Berserker)             Turns: 315, Time: 00:02:43

Health: -1/27      AC:  2    Str: 19    XL:     2   Next: 58%
Magic:  2/2        EV: 12    Int:  7    God:    Trog [*.....]
Gold:   23         SH:  0    Dex: 10    Spells: 1/1 levels left

rFire   + . .      SeeInvis .   a - +0 hand axe
rCold   + . .      Faith    .   (no shield)
rNeg    . . .      Spirit   .   b - +0 animal skin
rPois   .          Reflect  .   (no helmet)
rElec   .          Harm     .   d - scarf {rC+ rF+}
rCorr   .          Rampage  .   (no gloves)
Will    .....                   (no boots)
Stlth   +.........              (no amulet)
HPRegen 0.09/turn               (no ring)
MPRegen 0.08/turn               (no ring)

@: no status effects
A: no striking features
a: Renounce Religion, Berserk


You were on level 1 of the Dungeon.
You worshipped Trog.
Trog was aware of your devotion.
You visited 1 branch of the dungeon, and saw 1 of its levels.

You collected 23 gold pieces.

Inventory:

Hand Weapons
 a - a +0 hand axe (weapon)
Armour
 b - a +0 animal skin (worn)
 d - a scarf of resistance (worn)
Scrolls
 c - 2 scrolls of identify {unknown}
 e - a scroll of summoning {unknown}
 f - a scroll of poison {unknown}
Potions
 g - a potion of magic {unknown}
 h - a potion of attraction {unknown}


   Skills:
 + Level 4.0 Fighting
 + Level 4.3 Axes
 + Level 2.6 Armour
 + Level 1.6 Dodging
 + Level 0.2 Stealth


You had one spell level left.
You didn't know any spells.
Your spell library was empty.

Dungeon Overview and Level Annotations

Branches:
Dungeon (1/15)

Altars:


Message History

You barely miss the quokka. The quokka misses you.
The quokka barely misses you.
You barely miss the quokka. The quokka completely misses you.
You closely miss the quokka. The quokka barely misses you.
You closely miss the quokka. You hit the endoplasm. The quokka bites you.
The endoplasm completely misses you. The quokka barely misses you.
You hit the quokka but do no damage. You hit the endoplasm but do no damage.
The endoplasm closely misses you. The quokka closely misses you.
The endoplasm hits you.
You hit the quokka.
The quokka is severely wounded.
You hit the endoplasm.
You kill the endoplasm!
Trog accepts your kill. The quokka bites you.
You barely miss the quokka.
The quokka is severely wounded.
The quokka closely misses you. The quokka misses you.
You closely miss the quokka.
The quokka is severely wounded.
The quokka misses you.
You miss the quokka.
The quokka is severely wounded.
The quokka bites you.
You closely miss the quokka.
The quokka is severely wounded.
The quokka misses you.
You closely miss the quokka.
The quokka is severely wounded.
The quokka bites you.
* * * LOW HITPOINT WARNING * * *
The quokka closely misses you.
You closely miss the quokka.
The quokka is heavily wounded.
The quokka bites you.
* * * LOW HITPOINT WARNING * * *
You hit the quokka but do no damage.
The quokka is heavily wounded.
The quokka bites you.
You die...

#### ...# !.|# .
...##>. .......
####.......
#.$r.......
#..@.# #....# .#
# #....# .# .#
#....####.##.##.
#...(...........
#....####..#....
#....##.#......
#....##....#####
###.............


You could see a quokka.

Vanquished Creatures
  2 endoplasms (D:1)
  2 giant cockroaches (D:1)
  4 hobgoblins (D:1)
  3 jackals (D:1)
  A ball python (D:1)
  A kobold (D:1)
13 creatures vanquished.

Vanquished Creatures (others)
  2 fungi (D:1)
2 creatures vanquished.

Grand Total: 15 creatures vanquished

Notes
Turn   | Place    | Note
-------+----------+-------------------------------------------
     0 | D:1      | bjubeck the Hill Orc Berserker began the quest for the Orb.
     0 | D:1      | Reached XP level 1. HP: 19/19 MP: 1/1
    91 | D:1      | Reached XP level 2. HP: 25/27 MP: 2/2
   315 | D:1      | Slain by a quokka

Illustrated notes

Levels and vault maps discovered:
D:1:      dpeg_arrival_prison, layout_basic, minmay_pentomino_v2

Skill      XL: |  1  2 |
---------------+-------+-----
Fighting       | 4 |  4.0
Axes           | |  4.3
Armour         | |  2.6
Dodging        | |  1.6
Stealth        | |  0.2

Action                   || total
-------------------------++-------
Melee: Hand axe          ||    67
 Stab: Sleeping          ||     1
Armor: Animal skin       ||     5
Dodge: Dodged            ||    44
